AoeStats
← sebas4fr

Fortress

509929075Analyzed
4v4 RM · 4d ago on Sep 28, 2026· 62m 24s· 8 players
Game mode
Random Map
Map size
Huge
Population
200
Speed
Normal
Resources
Standard
Victory
Conquest
Starting age
Dark Age
Ending age
Imperial Age
RankedLock teamsTeams togetherTeam positionsShared explorationLock speedFull tech treeHidden civsTurbo modeCheats
Victory
Defeat
🇩🇪 Goths · Germany
1070
+14
🇨🇦 Varangians · Canada
1032
+16
🇹🇷 Magyars · Türkiye
1027
+16
🇫🇷 Franks · France
990
+18
🇹🇼 Bohemians · Taiwan
1073
-18
🇨🇱 Celts · Chile
1055
-17
🇨🇴 Cumans · Colombia
1009
-15
🇨🇱 Vikings · Chile
986
-14
sebas4fr
7:31 Feudal Age
11:10 Castle Age
9:31 Double-Bit Axe
11:38 Wheelbarrow
11:27 Horse Collar
18:44 Gambesons
20:25 Squires
20:30 Town Watch
20:30 Loom
22:53 Arson
23:51 Scale Mail Armor
24:01 Forging
26:36 Iron Casting
26:16 Chain Mail Armor
26:41 Hand Cart
27:14 Gold Mining
27:14 Stone Mining
27:41 Bow Saw
27:32 Heavy Plow
31:14 Imperial Age
30:39 Stone Shaft Mining
33:03 Plate Mail Armor
33:33 Blast Furnace
32:06 Elite Varangian Guard
33:25 Conscription
33:28 Town Patrol
33:43 Fortified Wall
34:37 Chemistry
33:18 Treadmill Crane
35:05 Pikeman
35:56 Halberdier
39:22 Two-Man Saw
38:45 Gothikon
39:32 Caravan
41:55 Elite Jarl
43:25 Scale Barding Armor
45:22 Bloodlines
45:12 Husbandry
46:10 Chain Barding Armor
48:41 Ballistics
48:32 Masonry
49:02 Fletching
49:12 Padded Archer Armor
49:23 Elite Skirmisher
50:52 Bodkin Arrow
51:12 Leather Archer Armor
53:59 Plate Barding Armor
53:54 Ring Archer Armor
56:29 Architecture
56:23 Bracer
55:49 Man-at-Arms
Badlies
0:29 Loom
7:23 Feudal Age
7:49 Double-Bit Axe
7:47 Horse Collar
14:08 Castle Age
12:47 Stone Mining
12:51 Gold Mining
15:08 Bow Saw
16:31 Corvinian Army
17:05 Scale Barding Armor
23:40 Wheelbarrow
27:15 Chain Barding Armor
30:48 Imperial Age
31:56 Elite Magyar Huszar
33:13 Light Cavalry
34:09 Bloodlines
39:00 Plate Barding Armor
39:29 Chemistry
39:17 Masonry
43:26 Husbandry
58:10 Hand Cart
59:08 Two-Man Saw
61:17 Heavy Plow
PoacherCrooks
7:30 Feudal Age
6:41 Loom
15:05 Castle Age
18:20 Stone Mining
20:12 Double-Bit Axe
21:05 Bow Saw
20:49 Gold Mining
24:48 Wheelbarrow
26:36 Hand Cart
28:26 Fortified Wall
28:27 Masonry
28:11 Treadmill Crane
28:28 Murder Holes
34:56 Imperial Age
33:50 Scale Barding Armor
33:56 Forging
33:46 Scale Mail Armor
34:11 Ballistics
34:28 Husbandry
34:52 Chain Barding Armor
33:59 Ordonnance Companies
35:51 Chivalry
35:53 Cavalier
37:12 Iron Casting
36:26 Arrowslits
38:04 Gold Shaft Mining
38:24 Plate Barding Armor
38:54 Chemistry
37:44 Arson
40:04 Conscription
40:41 Paladin
42:35 Blast Furnace
41:50 Chain Mail Armor
43:07 Hoardings
48:06 Elite Throwing Axeman
xXTOUROXx
0:43 Loom
8:31 Feudal Age
10:10 Double-Bit Axe
11:54 Gold Mining
14:43 Castle Age
12:53 Scale Mail Armor
14:15 Forging
14:18 Horse Collar
15:50 Anarchy
18:34 Stone Mining
28:10 Imperial Age
26:34 Chain Mail Armor
28:11 Iron Casting
30:22 Blast Furnace
30:20 Conscription
32:39 Squires
36:13 Elite Huskarl
38:27 Heavy Plow
40:51 Crop Rotation
43:41 Man-at-Arms
50:01 Wheelbarrow
51:52 Hand Cart
53:39 Elite Skirmisher
54:28 Town Watch
54:37 Fletching
55:24 Bodkin Arrow
56:47 Bracer
56:48 Padded Archer Armor
60:25 Caravan
THE_LORD
6:42 Feudal Age
10:40 Man-at-Arms
17:14 Wheelbarrow
16:31 Horse Collar
21:30 Castle Age
19:40 Double-Bit Axe
20:33 Gold Mining
23:44 Bow Saw
24:11 Gold Shaft Mining
25:36 Fletching
26:30 Bodkin Arrow
28:26 Loom
29:21 Padded Archer Armor
30:58 Hand Cart
30:31 Town Watch
32:08 Steppe Husbandry
32:14 Stone Mining
35:50 Imperial Age
35:07 Leather Archer Armor
34:57 Scale Barding Armor
36:11 Heavy Plow
37:53 Ring Archer Armor
37:44 Chain Barding Armor
38:45 Chemistry
37:42 Murder Holes
38:50 Murder Holes
39:25 Elite Kipchak
41:10 Plate Barding Armor
45:16 Ballistics
47:30 Elite Steppe Lancer
49:21 Herbal Medicine
51:18 Caravan
60:41 Ballistics
crazyeyee
7:19 Feudal Age
7:35 Loom
11:35 Castle Age
9:59 Double-Bit Axe
10:07 Horse Collar
12:38 Bow Saw
15:25 Fervor
16:02 Wheelbarrow
17:54 Hand Cart
19:55 Fletching
26:25 Imperial Age
27:55 Chemistry
28:56 Bodkin Arrow
30:29 Masonry
31:30 Ballistics
31:44 Murder Holes
32:23 Conscription
38:28 Heavy Plow
39:32 Two-Man Saw
38:28 Town Watch
52:35 Elite Skirmisher
56:25 Guilds
Eagle
0:42 Loom
1:55 Loom
8:38 Feudal Age
9:02 Horse Collar
9:10 Double-Bit Axe
10:04 Wheelbarrow
9:23 Gold Mining
15:21 Castle Age
16:48 Town Watch
18:54 Bow Saw
19:11 Scale Mail Armor
20:07 Heavy Plow
21:48 Hand Cart
21:59 Fletching
24:11 Fortified Wall
24:02 Murder Holes
25:00 Gold Shaft Mining
29:17 Imperial Age
26:57 Town Patrol
27:29 Masonry
29:24 Gambesons
29:24 Arson
29:02 Pikeman
29:42 Capped Ram
31:21 Conscription
31:12 Heavy Scorpion
32:33 Siege Ram
34:04 Furor Celtica
34:12 Caravan
35:16 Ballistics
35:23 Siege Engineers
37:20 Halberdier
41:43 Chemistry
40:34 Guard Tower
40:31 Arrowslits
41:45 Chain Mail Armor
41:40 Forging
41:27 Bodkin Arrow
41:31 Stone Mining
43:12 Plate Mail Armor
43:56 Iron Casting
44:05 Hoardings
43:20 Stronghold
44:56 Scale Barding Armor
45:46 Husbandry
45:07 Light Cavalry
49:52 Blast Furnace
49:15 Chain Barding Armor
49:33 Onager
49:45 Cavalier
49:52 Man-at-Arms
53:35 Keep
Whorthles
3:44 Loom
8:49 Feudal Age
11:17 Double-Bit Axe
13:36 Town Watch
16:24 Castle Age
20:09 Bow Saw
20:05 Crossbowman
23:00 Caravan
25:59 Fletching
26:09 Padded Archer Armor
29:07 Imperial Age
26:33 Treadmill Crane
28:49 Horse Collar
29:20 Gold Mining
29:23 Stone Mining
29:50 Bodkin Arrow
30:10 Leather Archer Armor
30:18 Conscription
30:25 Ballistics
31:14 Two-Man Saw
34:21 Forging
34:11 Scale Mail Armor
33:44 Elite Berserk
34:01 Man-at-Arms
35:11 Squires
34:31 Pikeman
34:36 Long Swordsman
35:46 Two-Handed Swordsman
36:44 Chain Mail Armor
37:06 Iron Casting
37:07 Crossbowman
37:41 Champion
40:19 Chemistry
40:06 Heavy Plow
42:20 Blast Furnace
41:51 Plate Mail Armor
42:48 Bracer
43:05 Arbalester
46:24 Arson
46:15 Elite Skirmisher
46:24 Capped Ram
48:06 Ring Archer Armor
56:15 Chieftains
61:34 Elite Varangian Guard
62:18 Bogsveigar
Connection lost

Rejoining the realm…

Still unreachable

The connection could not be restored.

Session expired

The server has moved on; the page needs a fresh start.